 Dungeon Crawl Stone Soup version 0.29-a0-816-g82769f0e0c (webtiles) character file.

Game seed: 16728416132334478008

1697345 thirstyecho the Slayer (level 25, 195/195 HPs)
             Began as an Octopode Delver on July 4, 2022.
             Was a High Priest of Okawaru.
             Escaped with the Orb
             ... and 3 runes on July 5, 2022!
             The game lasted 02:38:44 (61325 turns).

thirstyecho the Slayer (Octopode Delver)           Turns: 61325, Time: 02:38:44

Health: 195/195    AC: 16    Str: 17    XL:     25   Next: 25%
Magic:  44/44      EV: 43    Int: 13    God:    Okawaru [*****.]
Gold:   3435       SH: 27    Dex: 42    Spells: 17/40 levels left

rFire   + + +      SeeInvis +   C - +7 double sword of Defenestration {vorpal, rPois rF+}
rCold   + + .      Faith    .   r - +5 kite shield {AC+3}
rNeg    . . .      Spirit   .   G - +0 hat of the Mind {rElec rF++}
rPois   +          Reflect  +   J - amulet "Luykur" {Reflect rC+ Regen+ SH+5}
rElec   +          Harm     .   s - ring "Feasag" {Str+4 Dex+6 SInv}
rCorr   +          Rampage  .   m - +4 ring of protection
Will    +++..                   f - +6 ring of dexterity
Stlth   +++.......              S - ring of Fuclyenk {rElec rPois Will++ AC+4}
HPRegen 1.22/turn               p - ring "Faesuh" {rC+ MP+9 Dex+3 SInv}
MPRegen 0.29/turn               O - ring "Nekhiacutz" {rCorr Dex+6}
                                T - +4 ring of slaying
                                M - +4 ring of protection

@: studying Maces & Flails
A: almost no armour, amphibious, 8 rings, camouflage 1, gelatinous body 1,
(nimble swimmer 1), tentacles, antennae 1, dopey 1, sense surroundings 1
0: Orb of Zot
}: 3/15 runes: decaying, slimy, gossamer
a: Renounce Religion, Heroism, Finesse, Duel


You escaped.
You worshipped Okawaru.
Okawaru was extremely pleased with you.
You visited 11 branches of the dungeon, and saw 53 of its levels.
You visited 2 bazaars.
You also visited: Gauntlet, Ice Cave, Wizlab and Desolation.

You collected 8766 gold pieces.
You spent 5331 gold pieces at shops.

Inventory:

Hand Weapons
 y - the +7 long sword of Famine {vorpal, +Blink}
   (Okawaru gifted it to you on level 2 of the Depths)

   It inflicts extra damage upon your enemies.
   +Blink:    It lets you blink.
 C - the +7 double sword of Defenestration (weapon) {vorpal, rPois rF+}
   (You acquired it on level 4 of the Lair of Beasts)

   It inflicts extra damage upon your enemies.
   rF:        It protects you from fire.
   rPois:     It protects you from poison.
 F - the +10 zealot's sword {holy, *Rage rN+ EV+3}
   (You took it off a deep elf archer on level 3 of the Elven Halls)

   It has been blessed by the Shining One to cause great damage to the undead
   and demons.
   Whenever the wielder enters a berserk rage, their allies are berserked
   alongside them.
   EV:        It affects your evasion (+3).
   rN:        It protects you from negative energy.
   *Rage:     It berserks you when you make melee attacks (+20% chance).
Missiles
 a - 35 silver javelins (quivered)
 h - 14 boomerangs of dispersal
 o - 45 atropa-tipped darts
 u - 13 silver boomerangs
 x - 6 curare-tipped darts
 z - 35 javelins
 I - 3 throwing nets {!f}
Armour
 r - a +5 kite shield of protection (worn)
 G - the +0 hat of the Mind (worn) {rElec rF++}
   (Okawaru gifted it to you on level 4 of the Spider Nest)

   rF:        It greatly protects you from fire.
   rElec:     It insulates you from electricity.
Jewellery
 f - a +6 ring of dexterity (on tentacle)
 m - a +4 ring of protection (right tentacle)
 p - the ring "Faesuh" (on tentacle) {rC+ MP+9 Dex+3 SInv}
   (You found it on level 3 of the Elven Halls)

   [ring of magical power]

   Dex:       It affects your dexterity (+3).
   rC:        It protects you from cold.
   MP:        It affects your magic capacity (+9).
   SInv:      It lets you see invisible.
 s - the ring "Feasag" (left tentacle) {Str+4 Dex+6 SInv}
   (You found it on level 1 of the Swamp)

   [ring of dexterity]

   Str:       It affects your strength (+4).
   Dex:       It affects your dexterity (+6).
   SInv:      It lets you see invisible.
 H - a ring of protection from fire
 J - the amulet "Luykur" (around mantle) {Reflect rC+ Regen+ SH+5}
   (You bought it in a shop on level 3 of the Vaults)

   [amulet of reflection]

   It reflects blocked missile attacks.
   rC:        It protects you from cold.
   Regen:     It increases your rate of health regeneration.
   SH:        It affects your SH (+5).
 K - the ring "Nestrodaf" {rPois rN+ Str-5 Int+3}
   (You found it on level 5 of the Pits of Slime)

   [ring of positive energy]

   Str:       It affects your strength (-5).
   Int:       It affects your intelligence (+3).
   rPois:     It protects you from poison.
   rN:        It protects you from negative energy.
 L - a ring of willpower
 M - a +4 ring of protection (on tentacle)
 O - the ring "Nekhiacutz" (on tentacle) {rCorr Dex+6}
   (You found it in the Desolation of Salt)

   [ring of dexterity]

   Dex:       It affects your dexterity (+6).
   rCorr:     It protects you from acid and corrosion.
 S - the ring of Fuclyenk (on tentacle) {rElec rPois Will++ AC+4}
   (You found it in an ice cave)

   [ring of protection]

   AC:        It affects your AC (+4).
   rElec:     It insulates you from electricity.
   rPois:     It protects you from poison.
   Will:      It greatly increases your willpower.
 T - a +4 ring of slaying (on tentacle)
 V - the ring "Duiblu" {rPois rC+}
   (You found it in a Gauntlet)

   [ring of protection from cold]

   rC:        It protects you from cold.
   rPois:     It protects you from poison.
 Y - an amulet of regeneration
Wands
 k - a wand of paralysis (40)
 q - a wand of acid (19) {@v1}
 t - a wand of digging (5) {@v3}
 P - a wand of roots (31)
 X - a wand of mindburst (24)
Scrolls
 b - 6 scrolls of fog
 d - 2 scrolls of silence
 D - 18 scrolls of teleportation {@r3}
 E - 11 scrolls of fear
 R - 6 scrolls of immolation
 Z - a scroll of blinking {@r4}
Potions
 e - 8 potions of haste {@q4}
 g - 5 potions of cancellation
 j - 30 potions of curing {@q1}
 l - 8 potions of resistance {@q5}
 n - 5 potions of magic
 v - 9 potions of flight
 w - 9 potions of heal wounds {@q2}
 A - 13 potions of ambrosia
 B - 3 potions of invisibility
 Q - 4 potions of might {@q3}
 U - 7 potions of mutation
 W - 5 potions of lignification
Miscellaneous
 i - a phial of floods
 N - a condenser vane


   Skills:
 - Level 22.0 Fighting
 - Level 2.0(7.8) Short Blades
 - Level 11.9(12.0) Long Blades
 - Level 20.0 Throwing
 + Level 19.2 Dodging
 * Level 10.6 Stealth
 + Level 9.3 Shields
 - Level 8.0 Spellcasting
 - Level 12.0 Translocations
 - Level 6.0 Transmutations
 - Level 4.1 Earth Magic
 - Level 9.0 Invocations
 + Level 18.0 Evocations


You had 17 spell levels left.
You knew the following spells:

 Your Spells              Type           Power      Damage    Failure   Level
a - Irradiate             Conj/Tmut      6%         3d15      94%         5
b - Swiftness             Air            5%         N/A       67%         3
c - Wereblood             Tmut           20%        N/A       4%          2
d - Apportation           Tloc           72%        N/A       1%          1
e - Blink                 Tloc           72%        N/A       1%          2
f - Lesser Beckoning      Tloc           36%        N/A       1%          3
g - Manifold Assault      Tloc           36%        N/A       6%          5
h - Passwall              Tmut/Erth      15%        N/A       6%          2

Your spell library contained the following spells:

 Spells                   Type           Power      Damage    Failure   Level
 Gell's Gravitas          Tloc           36%        N/A       1%          3
 Teleport Other           Tloc           36%        N/A       1%          3
 Beastly Appendage        Tmut           40%        N/A       2%          1
 Portal Projectile        Hex/Tloc       40%        N/A       8%          3
 Sting                    Tmut/Pois      52%        1d5       9%          1
 Spider Form              Tmut/Pois      13%        N/A       26%         3
 Iskenderun's Mystic Bla  Conj/Tloc      20%        2d6       26%         4
 Foxfire                  Conj/Fire      20%        2x1d5     30%         1
 Magic Dart               Conj           20%        1d4       30%         1
 Necrotise                Necr           20%        1d5       30%         1
 Shock                    Conj/Air       20%        1d4       30%         1
 Slow                     Hex            20%        N/A       30%         1
 Dispersal                Tloc           18%        N/A       34%         6
 Stone Arrow              Conj/Erth      20%        3d8       36%         3
 Petrify                  Tmut/Erth      18%        N/A       36%         4
 Ensorcelled Hibernation  Hex/Ice        10%        N/A       43%         2
 Poisonous Vapours        Pois/Air       10%        N/A       43%         2
 Scorch                   Fire           10%        2d6       43%         2
 Static Discharge         Conj/Air       5%         3-4/arc   43%         2
 Sublimation of Blood     Necr           5%         N/A       43%         2
 Confusing Touch          Hex            5%         N/A       67%         3
 Conjure Flame            Conj/Fire      5%         6-21      67%         3
 Inner Flame              Hex/Fire       5%         N/A       67%         3
 Mephitic Cloud           Conj/Pois/Air  5%         N/A       67%         3
 Vampiric Draining        Necr           5%         2d6       67%         3
 Alistair's Intoxication  Tmut/Pois      8%         N/A       94%         5
 Airstrike                Air            2%         0-2+      97%         4
 Anguish                  Hex/Necr       2%         N/A       97%         4
 Corpse Rot               Necr/Pois/Air  5%         N/A       97%         4
 Flame Wave               Conj/Fire      5%         2d5       97%         4
 Olgreb's Toxic Radiance  Pois           5%         N/A       97%         4
 Statue Form              Tmut/Erth      12%        N/A       99%         6
 Agony                    Necr           5%         N/A       100%        5
 Fireball                 Conj/Fire      2%         3d4       100%        5
 Iskenderun's Battlesphe  Conj           5%         2d6       100%        5
 Lightning Bolt           Conj/Air       2%         1d14      100%        5
 Metabolic Englaciation   Hex/Ice        2%         N/A       100%        5
 Silence                  Hex/Air        2%         N/A       100%        5
 Conjure Ball Lightning   Conj/Air       2%         3x3d6     100%        6
 Eringya's Noxious Bog    Tmut/Pois      6%         N/A       100%        6
 Starburst                Conj/Fire      2%         6d3       100%        6
 Enfeeble                 Hex            2%         N/A       100%        7
 Orb of Destruction       Conj           2%         9d5       100%        7
 Ozocubu's Refrigeration  Ice            2%         4d5       100%        7
 Storm Form               Tmut/Air       6%         N/A       100%        7
 Ignition                 Fire           2%         3d3       100%        8
 Lehudib's Crystal Spear  Conj/Erth      5%         10d3      100%        8
 Maxwell's Capacitive Co  Air            2%         ∞         100%        8
 Death's Door             Necr           2%         N/A       100%        9
 Fire Storm               Conj/Fire      2%         8d1       100%        9
 Call Imp                 Summ           Unusable   N/A       N/A         2
 Summon Forest            Summ/Tloc      Unusable   N/A       N/A         5
 Summon Guardian Golem    Hex/Summ       Unusable   N/A       N/A         3
 Animate Armour           Summ/Erth      Unusable   N/A       N/A         4
 Summon Lightning Spire   Summ/Air       Unusable   N/A       N/A         4
 Summon Cactus Giant      Summ           Unusable   N/A       N/A         6
 Haunt                    Necr/Summ      Unusable   N/A       N/A         7
 Spellforged Servitor     Conj/Summ      Unusable   N/A       N/A         7
 Summon Hydra             Summ           Unusable   N/A       N/A         7

Dungeon Overview and Level Annotations

Branches:
Dungeon (15/15)            Temple (1/1) D:5            Lair (6/6) D:11
  Swamp (4/4) Lair:4       Spider (4/4) Lair:4        Slime (5/5) Lair:5
    Orc (2/2) D:11            Elf (3/3) Orc:2        Vaults (4/5) D:13
  Crypt (0/3) Vaults:3     Depths (4/4) D:15            Zot (5/5) Depths:4
  IceCv (visited)          WizLab (visited)         Desolation (visited)
Gauntlet (visited)

Altars:
Ashenzari
Cheibriados
Dithmenos
Elyvilon
Fedhas
Gozag
Hepliaklqana
Kikubaaqudgha
Makhleb
Nemelex Xobeh
Okawaru
Qazlal
Ru
Sif Muna
Trog
Uskayaw
Vehumet
Wu Jian
Xom
Yredelemnul
Zin
The Shining One
Jiyva

Shops:
D:5 (   D:6 =   D:7 (   D:8 [   D:10 (   Orc:2 ?(?[   Vaults:3 ?[(=
Vaults:4 !   Depths:2 *   Depths:3 [

Portals:
Hell: Depths:1 Depths:2 Depths:3 Depths:4
Abyss: Depths:1 Depths:3
Pandemonium: Depths:1 Depths:2
Ziggurat: Depths:1

Annotations:
Lair:5 3 runed translucent doors, Igeqaux's ghost, journeyman DDGl
Elf:2 3 runed translucent doors
Vaults:1 3 runed translucent doors, Dwachs's ghost, adept SpAM
Depths:4 1 runed translucent door, Neamosu's ghost, veteran MiBe


Innate Abilities, Weirdness & Mutations

You cannot wear most types of armour.
You are amphibious.
You can wear up to eight rings at the same time.
Your skin changes colour to match your surroundings (Stealth+).
Your rubbery body absorbs attacks. (AC +1, EV +1)
((You are camouflaged when in or above water. (Stealth+)))
You have tentacles for arms and can constrict up to eight enemies at once.
You have a pair of small antennae on your head.
You are dopey. (Int -2)
You passively map a small area around you.


Message History

There is a stone staircase leading down here.
There is an open door here.
HP restored.
Your tentacles slow down.
You see here a +0 leather armour.
There is a stone staircase leading up here.
You climb upwards.
There is a stone staircase leading down here.
You open the door.
There is an open door here.
You see here a +0 whip.
You sense a monster nearby.
There is a stone staircase leading up here.
You climb upwards.
There is a stone staircase leading down here.
(D) Dungeon (T) Temple (L) Lair (S) Swamp (N) Spider Nest (M) Slime Pits (O) Orcish Mines (E) Elven Halls (V) Vaults (C) Crypt (U) Depths (H) Hell (Z) Zot
Where to? (Enter - D:1, ? - help)
There is an open door here.
You open the door.
There is an open door here.
A soul eater comes into view.
There is a stone staircase leading up here.
Unknown command.
You climb upwards.
There is a stone staircase leading down here.
(D) Dungeon (T) Temple (L) Lair (S) Swamp (N) Spider Nest (M) Slime Pits (O) Orcish Mines (E) Elven Halls (V) Vaults (C) Crypt (U) Depths (H) Hell (Z) Zot
Where to? (Enter - D:1, ? - help)
There is a stone staircase leading up here.
You climb upwards.
There is a stone staircase leading down here.
There is an open door here.
There is an open door here.
There is a staircase leading out of the dungeon here.
You have escaped!

)#.#####.####......#.#..##.......
.#.#####...........#.#..##.......
##.........#####.....#..##.......
#.####....#####...####.##.#...#.
#.##.........##........##.##.##.
#............##...........##.##.
#.##.........≈≈≈≈≈≈≈≈≈≈≈≈≈≈≈.##.
##.#####......≈####≈≈≈≈≈####≈.##.
..#........###≈#@.#######.∩#≈.##.
#...####...###≈#..+.....'..#≈####
#.#...........≈##'###'###'##≈# #
#...#####..###≈≈#.#.....#.#≈≈# #
##### #..# #≈≈#.#..#..#.#≈≈# #
#########..###≈≈#.#..#..#.#≈≈####
#..........##...'.'.8#8.'.'......
#.########.##.≈≈#.#..#..#.#≈≈####
#†# #.##.≈≈#.#..#..#.#≈≈# #


There were no monsters in sight!

Vanquished Creatures
  the Royal Jelly (Slime:5)
  2 orbs of fire (Zot:3)
  Boris (twice) (Vaults:3 Vaults:4)
  Sojobo (Vaults:3)
  the Lernaean hydra (Swamp:4)
  Xtahua (Vaults:4)
  Bai Suzhen (Swamp:3)
  2 golden dragons (Depths:3)
  A Cloud Mage (WizLab)
  Arachne (Spider:3)
  2 doom hounds (Depths:3)
  Mlioglotl (Swamp:4)
  Jorgrun (D:12)
  Grunn (Depths:3)
  4 tentacled monstrosities
  2 Orb Guardians
  2 titans
  A walking earthen tome (Depths:3)
  2 deep elf blademasters (Elf:3)
  Asterion (Vaults:1)
  10 acid blobs
  A deep elf master archer (Elf:3)
  4 sphinxes
  An ancient champion (Vaults:3)
  A death cob (Zot:4)
  5 storm dragons
  3 tengu reavers
  13 azure jellies
  A revenant (Vaults:3)
  Donald (Swamp:1)
  A draconian monk (Zot:3)
  8 rockslimes (Slime:5)
  A fenstrider witch (Swamp:3)
  5 frost giants
  4 emperor scorpions
  8 deep elf sorcerers (Elf:3)
  A draconian knight (Zot:4)
  2 orc warlords
  An emperor scorpion (shapeshifter) (Depths:4)
  3 fire giants
  12 vault wardens
  Louise (D:15)
  2 angels (Vaults:3)
  A draconian shifter (Depths:4)
  An imperial myrmidon (Desolation)
  An iron dragon (Depths:3)
  2 deep elf elementalists (Elf:3)
  3 draconian annihilators (Zot:4)
  4 spectral caustic shrikes (Depths:1)
  6 ghost moths
  15 ironbound preservers
  16 very ugly things
  8 quicksilver oozes
  2 spriggan defenders (Depths:4)
  9 stone giants
  5 black draconians
  A vampire knight (Depths:3)
  A deep elf demonologist (Elf:3)
  3 green draconians
  4 eleionomae
  A dire elephant (Vaults:2)
  6 ironbound thunderhulks
  3 bunyips
  5 entropy weavers
  3 red draconians
  8 deep elf annihilators (Elf:3)
  7 white draconians
  4 spark wasps
  3 yellow draconians
  2 halazid warlocks (Desolation)
  5 ettins
  A minotaur (Gauntlet)
  3 deep elf death magi
  2 purple draconians (Zot:4)
  2 blizzard demons
  9 yaktaur captains
  A fire dragon (shapeshifter) (Depths:3)
  5 deep elf high priests
  5 jiangshi
  9 ragged hierophants (Desolation)
  Josephine (Swamp:1)
  2 shambling mangroves
  11 ice dragons
  11 fire dragons
  10 great orbs of eyes
  An ogre mage (D:15)
  12 vault guards
  3 rakshasas
  3 catoblepae (Lair:6)
  A hell beast (Gauntlet)
  8 servants of whispers
  8 two-headed ogres
  3 jorogumos
  25 hydras
  8 ironbound frosthearts
  9 spriggan air magi
  4 boulder beetles
  15 peacekeepers
  12 centaur warriors
  A death knight (D:15)
  5 ghost crabs
  2 radroaches (Spider:3)
  6 alligators
  A death scarab (Spider:3)
  4 tengu warriors
  20 dancing weapons
  5 vampire magi
  5 deep troll shamans
  5 deep troll earth magi
  3 death yaks (Lair:6)
  3 spriggan berserkers
  5 shock serpents (WizLab)
  2 orc high priests (Orc:2)
  Amaemon (D:9)
  16 deep elf knights
  2 sun moths (Spider:4)
  A fire crab (Lair:5)
  8 iron trolls
  Nergalle (Lair:4)
  5 goliath frogs
  A sixfirhy (Depths:3)
  8 pharaoh ants
  57 deep trolls
  6 death drakes (WizLab)
  4 spriggan druids
  5 steelbarb worms
  9 orb spiders
  2 glowing orange brains
  6 bog bodies
  A sphinx zombie (Depths:1)
  A phantasmal warrior (Vaults:3)
  23 deep elf archers
  25 deep elf zephyrmancers
  15 lindwurms
  10 swamp dragons
  18 ironbound convokers
  34 deep elf pyromancers
  4 orc knights
  2 manticores
  15 wizards
  4 shining eyes
  3 will-o-the-wisps
  25 wolf spiders
  51 ugly things
  11 oklob plants (Zot:2)
  3 necromancers
  6 orc sorcerers
  3 cyclopes
  A stone giant skeleton (Depths:1)
  4 moths of wrath
  4 guardian serpents
  7 black mambas
  A molten gargoyle (Desolation)
  21 vault sentinels
  16 elephants
  2 ice statues (IceCv)
  2 eyes of devastation (Slime:5)
  3 apocalypse crabs (WizLab)
  A torpor snail (shapeshifter) (Depths:2)
  21 cane toads
  14 torpor snails
  2 orange demons
  5 rime drakes
  3 gargoyles
  A smoke demon (Gauntlet)
  26 yaktaurs
  A freezing wraith (D:15)
  2 minotaur zombies (Gauntlet)
  6 komodo dragons
  9 demonic crawlers
  4 kobold demonologists
  A spriggan zombie (Depths:1)
  7 tengu conjurers
  6 trolls
  2 bloated husks
  28 hornets
  9 meliai
  12 tyrant leeches
  3 wind drakes (WizLab)
  30 tarantellas
  A wind drake (shapeshifter) (Elf:1)
  6 polar bears
  A tengu simulacrum (Depths:1)
  75 saltlings (Desolation)
  Prince Ribbit (D:6)
  104 slime creatures
  5 blink frogs (Lair:2)
  42 jumping spiders
  33 culicivoras
  18 air elementals
  A vampire (D:11)
  13 spriggans
  Sigmund (D:3)
  6 wyverns
  25 yaks
  15 humans
  8 wraiths
  2 centaur simulacra (D:13)
  5 fire elementals
  3 water elementals
  7 golden eyes
  16 vampire mosquitoes
  6 basilisks
  Eustachio (D:6)
  52 redbacks
  3 steam dragons
  Edmund (D:4)
  18 swamp worms
  2 wargs
  3 acid dragons
  26 water moccasins
  A floating eye (shapeshifter) (Depths:1)
  2 hell hounds (Gauntlet)
  A floating eye (Depths:1)
  3 ice beasts
  12 swamp drakes
  A glowing shapeshifter skeleton (Depths:1)
  32 orc warriors
  A sky beast (D:7)
  12 ogres
  2 black bears
  11 wolves
  4 centaurs
  A phantom (D:6)
  4 kobold brigands
  14 bullfrogs
  3 necrophages
  5 earth elementals
  16 scorpions
  A cane toad simulacrum (Lair:2)
  18 wights
  15 killer bees
  A lindwurm simulacrum (IceCv)
  2 electric eels
  4 howler monkeys
  3 crimson imps (Gauntlet)
  3 lava snakes (D:14)
  8 komodo dragon simulacra (IceCv)
  5 hounds
  2 jellies
  2 gnoll boudas
  22 orc priests
  31 orc wizards
  4 iguanas
  4 hell rats (Lair:6)
  5 acid dragon simulacra (IceCv)
  9 gnolls
  7 adders
  9 river rats (Lair:6)
  A white imp (D:13)
  4 ufetubi
  7 steam dragon simulacra (IceCv)
  4 worms
  88 orcs
  7 ball pythons
  9 bats
  4 endoplasms
  5 giant cockroaches
  5 goblins
  7 hobgoblins
  2 jackals (D:1)
  6 quokkas
  3 frilled lizards
  21 kobolds
  6 rats
  4 briar patches (Lair:2)
  A bush (Zot:2)
  A fire vortex (D:14)
2104 creatures vanquished.

Vanquished Creatures (others)
  A draconian knight (Zot:1)
  An eleionoma (Swamp:2)
  A spriggan air mage (WizLab)
  A deep elf knight (Elf:2)
  2 deep elf pyromancers
  A spriggan (Swamp:2)
  An air elemental (WizLab)
  An orc warrior (Orc:2)
  37 demonic plants (Gauntlet)
  8 foxfires (Swamp:1)
  56 fungi
  87 plants
197 creatures vanquished.

Grand Total: 2301 creatures vanquished

Notes
Turn   | Place    | Note
-------+----------+-------------------------------------------
     0 | D:5      | thirstyecho the Octopode Delver began the quest for the
                  | Orb.
     0 | D:5      | Reached XP level 1. HP: 16/16 MP: 1/1
    11 | D:6      | Noticed an orc wizard
    20 | D:5      | Noticed a hound
    33 | D:5      | Noticed a hound
    58 | D:5      | Noticed a hound
    64 | D:5      | Killed a hound
    65 | D:5      | Reached skill level 4 in Fighting
    65 | D:5      | Reached XP level 2. HP: 19/22 MP: 2/2
    65 | D:5      | Reached XP level 3. HP: 23/27 MP: 3/3
   130 | D:5      | Noticed an ice beast
   133 | D:5      | Found a staircase to the Ecumenical Temple.
   133 | D:5      | Noticed a necrophage
   135 | D:5      | Reached XP level 4. HP: 34/34 MP: 4/4
   144 | D:5      | Killed a necrophage
   145 | D:5      | Reached skill level 5 in Fighting
   145 | D:5      | Reached XP level 5. HP: 34/39 MP: 5/5
   186 | Temple   | Entered the Ecumenical Temple
   298 | Temple   | Became a worshipper of Warmaster Okawaru
   316 | D:5      | Noticed a centaur
   721 | D:2      | Found a faded altar of an unknown god.
  1719 | D:2      | Reached skill level 1 in Invocations
  1901 | D:2      | Reached skill level 6 in Fighting
  1901 | D:2      | Reached XP level 6. HP: 46/46 MP: 5/7
  2435 | D:3      | Noticed Sigmund
  2438 | D:3      | Killed Sigmund
  2964 | D:4      | Reached * piety under Okawaru
  2965 | D:4      | Reached XP level 7. HP: 38/52 MP: 8/8
  3136 | D:4      | Noticed Edmund
  3191 | D:4      | Reached skill level 1 in Evocations
  3681 | D:4      | Found an ornate altar of the Wu Jian Council.
  3691 | D:4      | Found a snail-covered altar of Cheibriados.
  3912 | D:4      | Found a glowing silver altar of Zin.
  3914 | D:4      | Found a radiant altar of Vehumet.
  4098 | D:5      | Reached skill level 5 in Dodging
  4098 | D:5      | Reached skill level 1 in Shields
  4116 | D:5      | Reached ** piety under Okawaru
  4117 | D:5      | Reached XP level 8. HP: 41/58 MP: 7/10
  4463 | D:5      | Found Baaph's Antique Weapon Boutique.
  4630 | D:5      | Bought a glowing scimitar for 189 gold pieces
  4667 | D:6      | Reached skill level 7 in Fighting
  4748 | D:6      | Noticed Prince Ribbit
  4931 | D:6      | Noticed Eustachio
  4939 | D:6      | Killed Eustachio
  5047 | D:6      | Found a runed translucent door.
  5049 | D:6      | Found a runed translucent door.
  5127 | D:6      | Identified the +1 scale mail of the Sea {Harm rPois Will-
                  | rCorr}
  5206 | D:6      | Found Toymoura's Jewellery Emporium.
  5471 | D:6      | Reached skill level 5 in Shields
  5531 | D:6      | Reached XP level 9. HP: 64/64 MP: 9/12
  6048 | D:7      | Reached *** piety under Okawaru
  6049 | D:7      | Reached skill level 8 in Fighting
  6673 | D:7      | Found Geoptoac's Weapon Boutique.
  6811 | D:8      | Reached skill level 1 in Long Blades
  6858 | D:8      | Identified the +6 dagger of Iliefrif {freeze, Str+7}
  7178 | D:8      | Noticed a hornet
  7181 | D:8      | Killed a hornet
  7182 | D:8      | Reached skill level 9 in Fighting
  7194 | D:8      | Reached XP level 10. HP: 64/74 MP: 11/13
  7280 | D:8      | Found Piapejuqisch's Antique Armour Emporium.
  7971 | D:8      | Found a hazy altar of Hepliaklqana.
  8255 | D:9      | Reached skill level 5 in Long Blades
  8342 | D:9      | Noticed Amaemon
  8575 | D:9      | Received a gift from Okawaru
  9063 | D:9      | Reached **** piety under Okawaru
  9285 | D:9      | Reached skill level 5 in Evocations
  9760 | D:9      | Noticed an orange demon
 10125 | D:4      | Killed Edmund
 10367 | D:6      | Killed Prince Ribbit
 10529 | D:6      | Reached XP level 11. HP: 72/80 MP: 12/14
 10555 | D:6      | Learned a level 5 spell: Irradiate
 10559 | D:6      | Learned a level 3 spell: Swiftness
 10620 | D:10     | Entered Level 10 of the Dungeon
 10636 | D:10     | Noticed a two-headed ogre
 10883 | D:10     | Reached skill level 5 in Invocations
 10886 | D:10     | Reached skill level 1 in Throwing
 10888 | D:10     | Received a gift from Okawaru
 11005 | D:10     | Found a bloodstained altar of Trog.
 11164 | D:10     | Noticed a two-headed ogre
 11175 | D:10     | Killed a two-headed ogre
 11376 | D:10     | Killed a two-headed ogre
 11624 | D:10     | Found Zuawnedgh's Antique Weapon Boutique.
 11707 | D:11     | Received a gift from Okawaru
 11708 | D:11     | Reached skill level 5 in Throwing
 11791 | D:11     | Found a runed translucent door.
 12043 | D:11     | Reached ***** piety under Okawaru
 12191 | D:11     | Found a staircase to the Lair.
 12230 | D:11     | Noticed a four-headed hydra
 12239 | D:11     | Killed a four-headed hydra
 12589 | D:11     | Found a staircase to the Orcish Mines.
 12741 | D:11     | Identified the +4 great mace "Ozyluem" {vorpal, rPois rF+
                  | Int+4 SInv}
 12996 | D:6      | Bought a +4 ring of evasion for 396 gold pieces
 13080 | D:12     | Noticed a deep elf pyromancer
 13086 | D:12     | Killed a deep elf pyromancer
 13087 | D:12     | Reached XP level 12. HP: 72/85 MP: 12/15
 13482 | D:12     | Received a gift from Okawaru
 13505 | D:12     | Identified the +2 falchion "Bankoet" {vorpal, rPois rN+
                  | Dex+3}
 13688 | D:12     | Reached skill level 10 in Throwing
 14956 | D:12     | Noticed a seven-headed hydra
 14973 | D:12     | Killed a seven-headed hydra
 15056 | D:12     | Noticed Jorgrun
 15253 | D:12     | Noticed a two-headed ogre
 15253 | D:12     | Noticed a four-headed hydra
 15261 | D:12     | Killed a four-headed hydra
 15261 | D:12     | Received a gift from Okawaru
 15263 | D:12     | Killed a two-headed ogre
 15434 | Lair:1   | Entered Level 1 of the Lair of Beasts
 15434 | Lair:1   | Noticed a six-headed hydra
 15475 | Lair:1   | Received a gift from Okawaru
 15672 | Lair:1   | Received a gift from Okawaru
 16014 | Lair:1   | Killed a six-headed hydra
 16015 | Lair:1   | Reached XP level 13. HP: 92/92 MP: 14/16
 16039 | Lair:1   | Reached skill level 10 in Fighting
 16552 | Lair:1   | Identified a scroll of acquirement
 16553 | Lair:1   | Acquired 757 gold pieces
 16828 | Lair:2   | Found a frozen archway.
 16840 | IceCv    | Entered an ice cave
 16909 | IceCv    | Received a gift from Okawaru
 17019 | IceCv    | Noticed an ice dragon
 17453 | IceCv    | Killed an ice dragon
 17764 | IceCv    | Identified the ring of Fuclyenk {rElec rPois Will++ AC+4}
 18167 | D:6      | Bought a +4 ring of slaying for 858 gold pieces
 18315 | Lair:2   | Received a gift from Okawaru
 18345 | Lair:2   | Found a hide-covered altar of Uskayaw.
 18861 | Lair:2   | Found a transporter.
 18885 | Lair:2   | Found a transporter.
 19506 | Lair:3   | Identified the +0 cloak of the Vacuum {rPois}
 19593 | Lair:3   | Reached skill level 11 in Fighting
 20099 | Lair:4   | Received a gift from Okawaru
 20160 | Lair:4   | Noticed Nergalle
 20172 | Lair:4   | Killed Nergalle
 20261 | Lair:4   | Acquired the +7 double sword of Defenestration {vorpal,
                  | rPois rF+}
 20333 | Lair:4   | Found a staircase to the Swamp.
 20439 | Lair:4   | Found a hole to the Spider Nest.
 20455 | Lair:4   | Received a gift from Okawaru
 20467 | Lair:4   | Noticed Sonja
 20468 | Lair:4   | Noticed Sonja
 20468 | Lair:4   | Sonja changed into Sonja the swamp drake
 20472 | Lair:4   | Killed Sonja the swamp drake
 20971 | Lair:5   | Reached skill level 12 in Fighting
 20978 | Lair:5   | Found a runed translucent gate.
 20979 | Lair:5   | Found a runed translucent gate.
 20981 | Lair:5   | Found a runed translucent gate.
 20996 | Lair:5   | Noticed Igeqaux's ghost (journeyman DDGl)
 21279 | Lair:5   | Reached XP level 14. HP: 88/104 MP: 17/17
 21589 | Lair:5   | Found a staircase to the Slime Pits.
 21838 | Lair:5   | Reached skill level 13 in Fighting
 22381 | Lair:6   | Entered Level 6 of the Lair of Beasts
 22620 | Lair:6   | Received a gift from Okawaru
 22796 | Lair:6   | Received a gift from Okawaru
 22856 | Lair:6   | Reached skill level 14 in Fighting
 23200 | Lair:6   | Received a gift from Okawaru
 23259 | Lair:6   | Identified the +1 hand axe "Sap Owou" {drain, rPois}
 23514 | Lair:6   | Found a runed translucent door.
 23719 | Lair:6   | Reached skill level 15 in Fighting
 23840 | Lair:6   | Reached XP level 15. HP: 116/116 MP: 18/18
 24355 | Lair:6   | Learned a level 2 spell: Wereblood
 24612 | D:9      | Killed Amaemon
 24739 | D:13     | Found a gate to the Vaults.
 24746 | D:12     | Reached skill level 1 in Transmutations
 24959 | D:13     | Reached skill level 1 in Spellcasting
 24979 | D:13     | Received a gift from Okawaru
 25141 | D:13     | Received a gift from Okawaru
 25850 | D:14     | Found a gate leading to a gauntlet.
 25859 | Gauntlet | Entered a Gauntlet
 25859 | Gauntlet | Found a transporter.
 25859 | Gauntlet | Found a transporter.
 25863 | Gauntlet | Found a transporter.
 25863 | Gauntlet | Found a transporter.
 25872 | Gauntlet | Found a transporter.
 25895 | Gauntlet | Found a transporter.
 25901 | Gauntlet | Found a transporter.
 25901 | Gauntlet | Found a transporter.
 25925 | Gauntlet | Found a transporter.
 25936 | Gauntlet | Found a transporter.
 25952 | Gauntlet | Found a transporter.
 25970 | Gauntlet | Found a transporter.
 26005 | Gauntlet | Found a transporter.
 26019 | Gauntlet | Found a transporter.
 26119 | Gauntlet | Found a transporter.
 26137 | Gauntlet | Found a transporter.
 26289 | Gauntlet | Identified the ring "Duiblu" {rPois rC+}
 26323 | Gauntlet | Received a gift from Okawaru
 26361 | Gauntlet | Reached skill level 16 in Fighting
 26747 | D:14     | Received a gift from Okawaru
 27458 | D:14     | Noticed a sphinx
 27464 | D:14     | Killed a sphinx
 27474 | D:15     | Entered Level 15 of the Dungeon
 27645 | D:15     | Found a staircase to the Depths.
 27652 | D:15     | Noticed Louise
 27666 | D:15     | Killed Louise
 27715 | D:15     | Reached skill level 15 in Throwing
 27828 | D:15     | Reached XP level 16. HP: 126/126 MP: 20/22
 27835 | D:15     | Reached skill level 17 in Fighting
 27839 | D:15     | Identified the +1 kite shield of Starshine {rElec rC+
                  | Dex-2} (Okawaru gifted it to you on level 15 of the
                  | Dungeon)
 27839 | D:15     | Received a gift from Okawaru
 28597 | Orc:1    | Entered Level 1 of the Orcish Mines
 28790 | Orc:2    | Entered Level 2 of the Orcish Mines
 29215 | Orc:2    | Found Xawafear's Magic Scroll Shoppe.
 29248 | Orc:2    | Bought a scroll of teleportation for 36 gold pieces
 29248 | Orc:2    | Bought a scroll of teleportation for 36 gold pieces
 29248 | Orc:2    | Bought a scroll of blinking for 90 gold pieces
 29248 | Orc:2    | Bought a scroll of enchant armour for 90 gold pieces
 29248 | Orc:2    | Bought a scroll of enchant armour for 90 gold pieces
 29489 | Orc:2    | Found Gout's Antique Armour Emporium.
 29497 | Orc:2    | Found Qaxon's Antique Weapon Shoppe.
 29555 | Orc:2    | Found a staircase to the Elven Halls.
 30009 | Orc:2    | Found Ugouden's Magic Scroll Emporium.
 30022 | Orc:2    | Bought a scroll of amnesia for 42 gold pieces
 30397 | Elf:1    | Entered Level 1 of the Elven Halls
 30562 | Elf:1    | Reached skill level 18 in Fighting
 30586 | Elf:1    | Received a gift from Okawaru
 30645 | Elf:1    | Paralysed by an air elemental for 1 turns
 30977 | Elf:1    | Received a gift from Okawaru
 31003 | Elf:1    | Paralysed by an air elemental for 1 turns
 31277 | Elf:1    | Received a gift from Okawaru
 32138 | Elf:2    | Reached XP level 17. HP: 84/134 MP: 21/23
 32314 | Elf:2    | Received a gift from Okawaru
 32455 | Elf:2    | Reached skill level 10 in Dodging
 32532 | Elf:2    | Identified the +7 lajatang of the Wasteland {spect, rN+
                  | Str+4 Dex-3} (Okawaru gifted it to you on level 2 of the
                  | Elven Halls)
 32532 | Elf:2    | Received a gift from Okawaru
 32813 | Elf:2    | Found a runed translucent gate.
 32814 | Elf:2    | Found a runed translucent gate.
 32814 | Elf:2    | Found a runed translucent gate.
 33471 | Elf:3    | Entered Level 3 of the Elven Halls
 33681 | Elf:3    | Received a gift from Okawaru
 33877 | Elf:3    | Received a gift from Okawaru
 34241 | Elf:3    | Identified the +1 hat of Focus {rElec rC+ Int+3 Dex-4}
                  | (Okawaru gifted it to you on level 3 of the Elven Halls)
 34241 | Elf:3    | Received a gift from Okawaru
 34999 | Elf:3    | Noticed a deep elf blademaster
 35007 | Elf:3    | Killed a deep elf blademaster
 35055 | Elf:3    | Noticed a deep elf master archer
 35243 | Elf:3    | Killed a deep elf master archer
 35786 | Elf:3    | Reached XP level 18. HP: 142/142 MP: 22/24
 36488 | Elf:3    | Identified the ring of the Hero {*Slow rPois rC+++ Int-2
                  | Dex+5}
 36641 | Elf:3    | Reached skill level 19 in Fighting
 36698 | Elf:3    | Identified the +8 scimitar of Hagukk {venom, *Noise Int+8}
 36756 | Elf:3    | Noticed a deep elf blademaster
 36768 | Elf:3    | Killed a deep elf blademaster
 36774 | Elf:3    | Identified the ring "Faesuh" {rC+ MP+9 Dex+3 SInv}
 36922 | Elf:3    | Identified the +2 plate armour of the Cicada {rCorr MP+9}
 37101 | Elf:3    | Identified the +1 pair of boots of Vyfof {Harm}
 37439 | Spider:1 | Entered Level 1 of the Spider Nest
 37719 | Spider:1 | Received a gift from Okawaru
 38937 | Spider:2 | Reached skill level 20 in Fighting
 39133 | Spider:2 | Received a gift from Okawaru
 40649 | Spider:3 | Identified the +6 dire flail "Hellblazer" {spect, rElec rF+
                  | Will++ Stlth-}
 40670 | Spider:3 | Reached skill level 21 in Fighting
 40670 | Spider:3 | Reached XP level 19. HP: 154/154 MP: 25/25
 40850 | Spider:3 | Received a gift from Okawaru
 41070 | Spider:3 | Noticed Arachne
 41080 | Spider:3 | Killed Arachne
 41405 | Spider:4 | Entered Level 4 of the Spider Nest
 42051 | Spider:4 | Received a gift from Okawaru
 42429 | Spider:4 | Reached skill level 10 in Long Blades
 42448 | Spider:4 | Received a gift from Okawaru
 42630 | Spider:4 | Identified the +0 hat of the Mind {rElec rF++} (Okawaru
                  | gifted it to you on level 4 of the Spider Nest)
 42630 | Spider:4 | Received a gift from Okawaru
 43120 | Spider:4 | Got a gossamer rune of Zot
 43304 | Swamp:1  | Entered Level 1 of the Swamp
 43351 | Swamp:1  | Noticed Donald
 43362 | Swamp:1  | Killed Donald
 43424 | Swamp:1  | Identified the ring "Feasag" {Str+4 Dex+6 SInv}
 43611 | Swamp:1  | Noticed Josephine
 43616 | Swamp:1  | Killed Josephine
 44419 | Swamp:3  | Noticed Bai Suzhen
 44483 | Swamp:3  | Found a hazy altar of Hepliaklqana.
 44556 | Swamp:3  | Killed Bai Suzhen
 45191 | Swamp:4  | Entered Level 4 of the Swamp
 45191 | Swamp:4  | Noticed Mlioglotl
 45195 | Swamp:4  | Killed Mlioglotl
 45196 | Swamp:4  | Reached XP level 20. HP: 163/163 MP: 26/26
 45477 | Swamp:4  | Received a gift from Okawaru
 45491 | Swamp:4  | Identified the +1 robe of Classification {rElec rF- Str+5}
 45619 | Swamp:4  | Noticed the 27-headed Lernaean hydra
 45631 | Swamp:4  | Killed the 27-headed Lernaean hydra
 45675 | Swamp:4  | Received a gift from Okawaru
 45683 | Swamp:4  | Reached skill level 22 in Fighting
 45737 | Swamp:4  | Reached skill level 5 in Spellcasting
 45867 | Swamp:4  | Got a decaying rune of Zot
 46475 | Lair:2   | Identified the ring of Gluttony {rElec Str+6 Dex-3 Stlth+}
 46708 | D:12     | Killed Jorgrun
 46742 | Vaults:1 | Entered Level 1 of the Vaults
 46797 | Vaults:1 | Received a gift from Okawaru
 47335 | Vaults:1 | Reached skill level 10 in Evocations
 47631 | Vaults:1 | Noticed Asterion
 47639 | Vaults:1 | Killed Asterion
 47692 | Vaults:1 | Received a gift from Okawaru
 48104 | Vaults:1 | Found a runed translucent gate.
 48104 | Vaults:1 | Found a runed translucent gate.
 48104 | Vaults:1 | Found a runed translucent gate.
 48105 | Vaults:1 | Noticed an ancient lich
 48107 | Vaults:1 | Found an ancient bone altar of Kikubaaqudgha.
 48107 | Vaults:1 | Noticed a dread lich
 48110 | Vaults:1 | Noticed an ancient lich
 48112 | Vaults:1 | Noticed a dread lich
 48115 | Vaults:1 | Noticed Dwachs's ghost (adept SpAM)
 48902 | Vaults:1 | Acquired a +6 ring of intelligence
 48932 | Vaults:2 | Learned a level 1 spell: Apportation
 48974 | Vaults:2 | Reached XP level 21. HP: 170/170 MP: 32/32
 49209 | Vaults:2 | Received a gift from Okawaru
 49831 | Vaults:2 | Received a gift from Okawaru
 50590 | Vaults:3 | Found Qycwurgh's Jewellery Emporium.
 50612 | Vaults:3 | Received a gift from Okawaru
 50623 | Vaults:3 | Bought the amulet "Luykur" {Reflect rC+ Regen+ SH+5} for
                  | 704 gold pieces
 50661 | Vaults:3 | Found a crumbling gateway.
 50663 | Vaults:3 | Found a white marble altar of Elyvilon.
 50663 | Vaults:3 | Found a glowing golden altar of the Shining One.
 50665 | Vaults:3 | Found a glowing silver altar of Zin.
 50677 | Desolati | Entered the Desolation of Salt
 50814 | Desolati | Reached skill level 15 in Evocations
 50862 | Desolati | Identified the ring "Nekhiacutz" {rCorr Dex+6}
 50948 | Desolati | Got the Folio of the Non-Euclidean Black Widow
 51056 | Desolati | Got the Catalogue of Vapour and the Summer
 51060 | Desolati | Found the +10 morningstar "Eos" {elec, Halo rElec}
 51070 | Desolati | Identified the +1 robe of the Amoeba {Fly rF++ Str-2 Dex+4}
 51081 | Desolati | Got the Precepts of Charred Direction
 51085 | Desolati | Got the Almanac of the Dark Ground
 51088 | Desolati | Identified the ring of Traps {rElec rN+}
 51146 | Arena    | Entered the Arena
 51288 | Desolati | Identified the amulet "Woaraoxtat" {Acrobat rF++ Regen+
                  | Int+3 Dex-5}
 51357 | Desolati | Received a gift from Okawaru
 51430 | Desolati | Identified the +7 spear of the Orcish Mines {flame,
                  | *Corrode rC++ Int+4}
 51442 | Desolati | Identified the +8 morningstar of Zadeanoni {vorpal, Int+3}
 51494 | Vaults:3 | Reached XP level 22. HP: 176/176 MP: 34/34
 51525 | Vaults:3 | Found Fetzil's Armour Shop.
 51603 | Vaults:3 | Received a gift from Okawaru
 51646 | Vaults:3 | Found Giefruom's Magic Scroll Emporium.
 51649 | Vaults:3 | Found Neleask's Weapon Shoppe.
 51650 | Vaults:3 | Bought a scroll of magic mapping for 49 gold pieces
 51650 | Vaults:3 | Bought a scroll of silence for 105 gold pieces
 51650 | Vaults:3 | Bought a scroll of blinking for 105 gold pieces
 51650 | Vaults:3 | Bought a scroll of fog for 28 gold pieces
 51650 | Vaults:3 | Bought a scroll of magic mapping for 49 gold pieces
 51650 | Vaults:3 | Bought a scroll of teleportation for 42 gold pieces
 51984 | Vaults:3 | Found a staircase to the Crypt.
 52129 | Vaults:3 | Noticed Sojobo
 52148 | Vaults:3 | Killed Sojobo
 52506 | Vaults:3 | Reached skill level 15 in Dodging
 52506 | Vaults:3 | Noticed Boris
 52512 | Vaults:3 | Received a gift from Okawaru
 52523 | Vaults:3 | Killed Boris
 52690 | Vaults:4 | Received a gift from Okawaru
 52692 | Vaults:4 | Noticed Xtahua
 52743 | Vaults:4 | Killed Xtahua
 53114 | Vaults:4 | Noticed Boris
 53121 | Vaults:4 | Killed Boris
 53247 | Vaults:4 | Received a gift from Okawaru
 53267 | Vaults:4 | Received a gift from Okawaru
 53338 | Vaults:4 | Found Lyukho Xyvy's Distillery.
 53348 | Vaults:4 | Bought a potion of ambrosia for 160 gold pieces
 53348 | Vaults:4 | Bought a potion of lignification for 60 gold pieces
 53348 | Vaults:4 | Bought a potion of curing for 60 gold pieces
 53348 | Vaults:4 | Bought a potion of haste for 200 gold pieces
 53348 | Vaults:4 | Bought 2 potions of resistance for 400 gold pieces
 53420 | Vaults:4 | Identified the +6 leather armour "Wyqyecka" {+Inv rF++
                  | Int-2 Stlth+}
 53509 | Vaults:4 | Received a gift from Okawaru
 53617 | Vaults:4 | Reached XP level 23. HP: 182/182 MP: 35/35
 54006 | Vaults:4 | Received a gift from Okawaru
 54201 | Depths:1 | Entered Level 1 of the Depths
 54222 | Depths:1 | Found a one-way gate leading to the halls of Pandemonium.
 54258 | Depths:1 | Found a gateway to Hell.
 54300 | Depths:1 | Received a gift from Okawaru
 54556 | Depths:1 | Reached skill level 1 in Translocations
 54602 | Depths:1 | Found a one-way gateway to a ziggurat.
 54709 | Depths:1 | Received a gift from Okawaru
 54877 | Depths:1 | Found a one-way gate to the infinite horrors of the Abyss.
 55143 | Depths:1 | Found the +4 skin of Zhor {*Englaciate rC+++ SInv}
 55163 | Depths:1 | Identified the +9 falchion of Nefiutahoo {pain, rF++ Str+3
                  | Stlth-}
 55258 | Depths:1 | Upgraded the game from 0.29-a0-810-g3812dd5c9c to
                  | 0.29-a0-816-g82769f0e0c
 55263 | Depths:2 | Received a gift from Okawaru
 55390 | Depths:2 | Found Fytih's Specific Store.
 55471 | Depths:2 | Identified the +7 long sword of Famine {vorpal, +Blink}
                  | (Okawaru gifted it to you on level 2 of the Depths)
 55471 | Depths:2 | Received a gift from Okawaru
 55540 | Depths:2 | Found a magical portal.
 55545 | WizLab   | Entered The Chambers of the Cloud Mage
 55576 | WizLab   | Paralysed by an air elemental for 1 turns
 55887 | WizLab   | Identified the ring of Faxkoome {Fly rF++ Will+ rCorr
                  | Int-3}
 56002 | WizLab   | Paralysed by you for 4 turns
 56032 | WizLab   | Got the Dissertation on the Tempest
 56043 | WizLab   | Identified the ring of Milaof {Fly rElec rC- Will+ Int+4}
 56260 | Depths:2 | Found Qoxezara's General Store.
 56269 | Depths:2 | Bought a potion of curing for 48 gold pieces
 56273 | Depths:2 | Bought a potion of haste for 120 gold pieces
 56273 | Depths:2 | Bought a wand of paralysis (4) for 72 gold pieces
 56273 | Depths:2 | Bought a scroll of fog for 24 gold pieces
 56415 | Depths:2 | Received a gift from Okawaru
 56462 | Depths:2 | Found a sparkling altar of Nemelex Xobeh.
 56699 | Depths:3 | Found a shadowy altar of Dithmenos.
 56704 | Depths:3 | Found a flickering gateway to a bazaar.
 56720 | Bazaar   | Entered a bazaar
 56720 | Bazaar   | Found Wicontoi's Assorted Antiques.
 56720 | Bazaar   | Found Comiest's Armour Shoppe.
 56720 | Bazaar   | Found Xofaimpu's Magic Scroll Shop.
 56722 | Bazaar   | Found Paok's Antique Weapon Shoppe.
 56722 | Bazaar   | Found Watuaw's Book Boutique.
 56750 | Bazaar   | Bought a book of Displacement for 312 gold pieces
 56750 | Bazaar   | Bought a book of Spatial Translocations for 338 gold pieces
 56750 | Bazaar   | Bought Wumaiq Edwua's Catalogue of Lethal Shapes for 338
                  | gold pieces
 56753 | Bazaar   | Bought a scroll of fear for 45 gold pieces
 56753 | Bazaar   | Bought a scroll of fear for 45 gold pieces
 56756 | Bazaar   | Bought a potion of mutation for 200 gold pieces
 56783 | Depths:3 | Found Soejomod's Antique Armour Shop.
 56900 | Depths:3 | Reached skill level 5 in Translocations
 56998 | Depths:3 | Identified the +9 flail of Cyunor Coseb {flame, rPois rF-
                  | rN+ Int+3}
 56999 | Depths:3 | Received a gift from Okawaru
 57070 | Depths:3 | Acquired 576 gold pieces
 57070 | Depths:3 | Noticed a golden dragon
 57079 | Depths:3 | Killed a golden dragon
 57079 | Depths:3 | Received a gift from Okawaru
 57357 | Depths:3 | Noticed a golden dragon
 57371 | Depths:3 | Killed a golden dragon
 57381 | Depths:3 | Reached XP level 24. HP: 174/189 MP: 35/35
 57513 | Depths:3 | Noticed Grunn
 57519 | Depths:3 | Received a gift from Okawaru
 57530 | Depths:3 | Killed Grunn
 58036 | Depths:4 | Entered Level 4 of the Depths
 58305 | Depths:4 | Found a runed translucent door.
 58305 | Depths:4 | Noticed Neamosu's ghost (veteran MiBe)
 58315 | Depths:4 | Found a flickering gateway to a bazaar.
 58324 | Bazaar   | Entered a bazaar
 58345 | Bazaar   | Found Sisoups's Weapon Boutique.
 58345 | Bazaar   | Found Geoxkuv's Antique Weapon Shop.
 58403 | Bazaar   | Found Woanaog's Antique Weapon Boutique.
 58403 | Bazaar   | Found Emeg's Weapon Shop.
 58455 | Bazaar   | Learned a level 2 spell: Blink
 58459 | Bazaar   | Learned a level 3 spell: Lesser Beckoning
 58465 | Bazaar   | Learned a level 5 spell: Manifold Assault
 58468 | Bazaar   | Learned a level 2 spell: Passwall
 58533 | Depths:4 | Reached skill level 1 in Earth Magic
 58536 | Depths:4 | Received a gift from Okawaru
 58558 | Depths:4 | Found a gate to the Realm of Zot.
 58582 | Depths:4 | Reached skill level 10 in Translocations
 58774 | Depths:4 | Reached skill level 5 in Transmutations
 59308 | Slime:1  | Entered Level 1 of the Pits of Slime
 59315 | Slime:1  | Received a gift from Okawaru
 59501 | Slime:5  | Entered Level 5 of the Pits of Slime
 59542 | Slime:5  | Received a gift from Okawaru
 59637 | Slime:5  | Gained mutation: You are dopey. (Int -2) [a shining eye]
 59642 | Slime:5  | Gained mutation: You have hidden genetic defects. [a
                  | shining eye]
 59674 | Slime:5  | Noticed the Royal Jelly
 59677 | Slime:5  | Found a viscous altar of Jiyva.
 59707 | Slime:5  | Killed the Royal Jelly
 59758 | Slime:5  | Gained mutation: You are clumsy. (Dex -2) [a shining eye]
 59760 | Slime:5  | Gained mutation: You are partially covered in iridescent
                  | scales. (AC +2) [a shining eye]
 59864 | Slime:5  | Identified the ring "Nestrodaf" {rPois rN+ Str-5 Int+3}
 59902 | Slime:5  | Identified the +1 scale mail of the Moon {rF- rN+ Dex+2}
 59925 | Slime:5  | Got a slimy rune of Zot
 60243 | Zot:1    | Entered Level 1 of the Realm of Zot
 60303 | Zot:1    | Gained mutation: You are frail. (-10% HP) [hidden defects]
 60476 | Zot:3    | Reached XP level 25. HP: 175/175 MP: 35/35
 60489 | Zot:3    | Noticed an orb of fire
 60491 | Zot:3    | Gained mutation: You sometimes lose your temper in combat.
                  | [an orb of fire]
 60497 | Zot:3    | Lost mutation: You sometimes lose your temper in combat.
                  | [an orb of fire]
 60500 | Zot:3    | Killed an orb of fire
 60657 | Zot:3    | Noticed an orb of fire
 60675 | Zot:3    | Killed an orb of fire
 60752 | Zot:4    | Reached skill level 10 in Stealth
 60764 | Zot:4    | Gained mutation: You are very clumsy. (Dex -4) [hidden
                  | defects]
 60764 | Zot:4    | Lost mutation: You have hidden genetic defects. [hidden
                  | defects expressed]
 60812 | Zot:5    | Entered Level 5 of the Realm of Zot
 60837 | Zot:5    | Noticed a Killer Klown
 60837 | Zot:5    | Noticed a Killer Klown
 60837 | Zot:5    | Noticed a Killer Klown
 60837 | Zot:5    | Noticed an orb of fire
 60838 | Zot:5    | Gained mutation: You are very frail. (-20% HP) [an orb of
                  | fire]
 60838 | Zot:5    | Noticed a Killer Klown
 60839 | Zot:5    | Noticed a dread lich
 60844 | Zot:5    | Got the Orb of Zot
 60849 | Zot:5    | Noticed a Killer Klown
 61030 | Depths:4 | Lost mutation: You are very clumsy. (Dex -4) [a cacodemon]
 61037 | Depths:3 | Lost mutation: You are partially covered in iridescent
                  | scales. (AC +2) [potion of mutation]
 61037 | Depths:3 | Lost mutation: You are very frail. (-20% HP) [potion of
                  | mutation]
 61037 | Depths:3 | Lost mutation: You are clumsy. (Dex -2) [potion of
                  | mutation]
 61037 | Depths:3 | Gained mutation: You have a pair of small antennae on your
                  | head. [potion of mutation]
 61037 | Depths:3 | Lost mutation: You are frail. (-10% HP) [potion of
                  | mutation]
 61037 | Depths:3 | Gained mutation: You passively map a small area around you.
                  | [potion of mutation]
 61325 | D:$      | Escaped with the Orb!

Illustrated notes

Levels and vault maps discovered:
D:1:      heliophobic_arrival_glass_houses, layout_loops_ring
D:2:      layout_rooms, ebering_ecumenical_altar_mist
D:3:      layout_loops_corners, uniq_sigmund
D:4:      layout_basic, nicolae_overflow_hidden_temple,
          amethyst_overflow_temple_binary, uniq_edmund
D:5:      layout_basic, minmay_temple_entry_slanted, serial_shops, shop
D:6:      lemuel_insect_pit, layout_loops_ring, amcnicky_mini_corridor_feature,
          minmay_shop_enchanted_jewellery, kennysheep_decorative_pillar,
          uniq_eustachio, uniq_prince_ribbit1
D:7:      layout_rooms, serial_shops, nicolae_lakefront_shop,
          kennysheep_small_spiral, feat_on_display
D:8:      layout_cave_pools, nicolae_hepliaklqana_hippocampus, serial_shops,
          nicolae_shop_waterfront, minmay_misc_feat_more_columns
D:9:      minmay_general_purpose_star, layout_basic, dk_noncrumbling_3,
          uniq_amaemon
D:10:     layout_basic, mainiacjoe_overflow_24_doors, serial_shops, shop
D:11:     layout_basic, due_lair_maze_entry_diamond, orc_0_dummy,
          lightli_church_of_beogh
D:12:     layout_cave_pods, minmay_misc_feat_hallway, uniq_jorgrun
D:13:     layout_roguey, david_vaults_3, serial_ice, serial_ice_i, serial_ice_c,
          serial_ice_d, serial_ice_g, nicolae_fountain_basement
D:14:     kennysheep_funnel, layout_basic, gauntlet_entry_generic,
          small_statue_intersection, chequers_serial_rivers_micro_d
D:15:     hangedman_depths_entry_civil_slaughter, layout_loops_ring, uniq_louise
Temple:   nicolae_temple_superstar
Lair:1:   layout_small_grid
Lair:2:   gammafunk_worm_tunnel, layout_cave_pods,
          portal_ice_cave_entry_ice_simulacra, basic_altar
Lair:3:   layout_chaotic_city, beast_lair_carwin_2
Lair:4:   layout_regular_city, swamp_mist_pool,
          nicolae_spider_entry_non_spiders, pond, uniq_sonja, uniq_nergalle
Lair:5:   layout_hall_layers, dpeg_slime_entry_enclosed,
          gammafunk_ghost_hydra_chop, chequers_serial_rivers_small_a,
          cheibrodos_lair_lostbears
Lair:6:   hangedman_lair_tendril_chambers, layout_regular_city, wormcave,
          kennysheep_abandoned_house
Swamp:1:  layout_basic_swamp, evilmike_swamp_ruin_house_4, swamp_pool5,
          uniq_donald, uniq_josephine
Swamp:2:  layout_basic_swamp, evilmike_swamp_ruin_wall, swamp_pool4,
          infiniplex_staircase_pool
Swamp:3:  layout_basic_swamp, lemuel_altar_in_water, swamp_pool2,
          nicolae_swamp_small_spring, uniq_bai_suzhen
Swamp:4:  swamp_old_school, layout_basic_swamp,
          nicolae_swamp_feature_on_the_river_bank, uniq_mlioglotl
Spider:1: layout_spider_delve
Spider:2: layout_spider_delve
Spider:3: layout_cave_pods, nicolae_spider_wall_of_niches, uniq_arachne
Spider:4: spider_rune_water
Slime:1:  layout_caves, cheibrodos_slime_lost_civilization_4
Slime:2:  layout_caves
Slime:3:  layout_caves
Slime:4:  layout_caves
Slime:5
Orc:1:    layout_diamond_mine
Orc:2:    grunt_orc_community_town_hall, layout_diamond_mine,
          grunt_orc_community_big_house_2, grunt_orc_community_big_house_2,
          grunt_orc_community_house_1, grunt_orc_community_house_3,
          grunt_orc_community_house_2, grunt_orc_community_house_1,
          grunt_orc_community_house_1, grunt_orc_community_house_3,
          mines2_lemuel
Elf:1:    eino_elf_arrival_shootout, layout_onion_city,
          hangedman_corner_corridor
Elf:2:    nicolae_elf_blades_crystal_corner, layout_loops_corners, hex_large,
          glass_columns_a, serial_sigils_hangedman_shear, grunt_ministairs_4
Elf:3:    minmay_elf_hall_dome, layout_loops_corners, drop_trap
Vaults:1: gammafunk_ghost_crypt, nicolae_vaults_twisting_passages,
          vaults_mumra_lcd, ontoclasm_vaults_chip, hangedman_vaults_impose,
          grunt_vaults_hallway_short, nicolae_vaults_little_squares_2,
          serial_ice_g, vaults_mumra_minichess_inversion, hangedman_vaults_maws,
          ontoclasm_vaults_decontamination, layout_vaults_chaotic_city,
          uniq_asterion
Vaults:2: nicolae_vaults_little_squares_2, v_misc_30, v_misc_33,
          nicolae_vaults_know_your_exits, ontoclasm_vaults_ring_large,
          nicolae_vaults_mini_display_case, grunt_vaults_hallway_long,
          hangedman_vaults_capsules, ontoclasm_vaults_eye,
          nicolae_vaults_yaktaur_gun_rack, vaults_dpeg_encased_lava,
          layout_vaults_ring
Vaults:3: portal_desolation_entry_holy_temple, vaults_mumra_hexcomb,
          minmay_crypt_entry_simple_walls, grunt_vaults_hallway_short,
          v_alt_pattern_5, nicolae_vaults_shelves_hall,
          nicolae_vaults_angled_halls, v_misc_28, nicolae_vaults_network_s,
          v_misc_8, vaults_room_pool, layout_vaults_omnicross, serial_shops,
          nicolae_shop_competitors_out_of_business, nicolae_shop_hallway_plus,
          shop, shop, uniq_boris, uniq_sojobo
Vaults:4: ontoclasm_vaults_gateway, hangedman_vaults_stagger,
          hangedman_vaults_snaps, v_misc_19, v_misc_12, vaults_dpeg_ring,
          nicolae_vaults_an_arrangement, hangedman_vaults_corner_blocks,
          ontoclasm_vaults_spin, nicolae_vaults_what_the_h, v_misc_1,
          grunt_vaults_diagonal, v_misc_22, vaults_room_fancy_cross,
          ontoclasm_vaults_hangar, layout_vaults_omnibox, serial_shops,
          nicolae_lakefront_shop, uniq_xtahua
Depths:1: layout_gridville, enter_ziggurat_e, kennysheep_another_room,
          abyss_entry_small_statue_room, pf_hell_entry_tar_river, pan_entry,
          minmay_splitting_lines, kennysheep_underground_church
Depths:2: nicolae_cairo_tiling_very_big, layout_cave_pools,
          pf_hell_entry_great_geh, rand_demon_pan_entry_7, mu_enter_wizlab_1,
          nemelex_lonely_heart_becter, nicolae_specific_store
Depths:3: lemuel_flame_loot_2, layout_small_grid, serial_shops, bzr_entry_gold,
          abyss_entry, grunt_hell_entry_dis_old,
          nicolae_dithmenos_through_a_glass_darkly,
          minmay_the_grid_square_5x5_3x3_mashed
          [minmay_the_grid_square_5x5_three_walls,
          minmay_the_grid_square_5x5_hourglass,
          minmay_the_grid_square_5x5_longway,
          minmay_the_grid_square_5x5_half_checkered,
          minmay_the_grid_square_5x5_megaprize_hollow,
          minmay_the_grid_square_5x5_pentomino_r,
          minmay_the_grid_square_5x5_minibox, minmay_the_grid_square_5x5_bridge,
          minmay_the_grid_square_5x5_bite], infiniplex_staircase_spiral,
          minmay_shop_star, serial_bayou_shore_b, uniq_grunn
Depths:4: grunt_twist_and_shout, layout_cave_shapes, serial_shops,
          bzr_entry_dummy, ebering_ghost_inner_flame, hell_entry, st_stairs_13
Zot:1:    layout_misc_corridors
Zot:2:    grunt_zot_stairs_overgrown, layout_misc_corridors
Zot:3:    layout_onion, grunt_megastairs_4
Zot:4:    layout_gridlike, st_small_dragon_hoard_2, st_small_dragon_hoard_3,
          nicolae_rock_paper_scissors
Zot:5:    layout_basic

Skill      XL: |  1  2  3  4  5  6  7  8  9 10 11 12 13 14 15 16 17 18 19 20 21 22 23 24 25 |
---------------+----------------------------------------------------------------------------+-----
Fighting       | 4 5 6 7 9 12 15 16 18 21 22 | 22.0
Invocations    | 1 2 3 4 5 7 8 9 |  9.0
Dodging        | 4 5 6 7 9 13 17 18 19 | 19.2
Evocations     | 1 2 6 7 12 16 17 18 | 18.0
Shields        | 1 5 6 8 9 |  9.3
Long Blades    | 3 8 9 11 | 11.9
Throwing       | 8 12 14 15 16 17 18 19 20 | 20.0
Transmutations | 4 6 |  6.0
Spellcasting   | 4 7 8 |  8.0
Stealth        | 8 10 | 10.6
Translocations | 6 12 | 12.0
Earth Magic    | 4 |  4.1
Short Blades   | |  2.0

Action                   |  1- 3 |  4- 6 |  7- 9 | 10-12 | 13-15 | 16-18 | 19-21 | 22-24 | 25-27 || total
-------------------------+-------+-------+-------+-------+-------+-------+-------+-------+-------++-------
Melee: Short sword       |     5 |    10 |       |       |       |       |       |       |       ||    15
       Tentacles         |     2 |    23 |    49 |   115 |   220 |   291 |   357 |   425 |    40 ||  1522
       Constrict         |     1 |    31 |    45 |    81 |   112 |   210 |   201 |   143 |    17 ||   841
       Punch             |     1 |     2 |     8 |    13 |    33 |    27 |    66 |    59 |     7 ||   216
       Dagger            |       |    95 |   152 |   117 |       |       |       |       |       ||   364
       Scimitar          |       |       |    44 |   333 |   101 |       |       |       |       ||   478
       Double sword      |       |       |       |       |   591 |   916 |  1084 |  1142 |    94 ||  3827
Throw: Dart              |       |     2 |     1 |     2 |    12 |       |       |       |       ||    17
       Boomerang         |       |       |    16 |    99 |   168 |   102 |   127 |       |       ||   512
       Javelin           |       |       |     2 |     6 |    26 |    31 |    97 |   172 |     7 ||   341
 Cast: Passwall          |       |       |       |       |       |       |       |       |     1 ||     1
Invok: Heroism           |       |       |    18 |    55 |    66 |    75 |    73 |    70 |     7 ||   364
       Finesse           |       |       |       |       |     3 |     4 |    10 |     9 |     2 ||    28
       Duel              |       |       |       |       |       |       |     1 |       |       ||     1
Evoke: Wand              |       |       |       |     9 |     7 |     4 |       |     3 |     6 ||    29
       Condenser vane    |       |       |       |       |       |     1 |     1 |     2 |       ||     4
  Use: Scroll            |     1 |     1 |     5 |     6 |    24 |    12 |     5 |    13 |     9 ||    76
       Potion            |     1 |       |       |     1 |     2 |     4 |     4 |     5 |     7 ||    24
 Stab: Sleeping          |     1 |    28 |    10 |    14 |    12 |    27 |    34 |    29 |     2 ||   157
       Distracted        |       |     1 |       |     1 |     4 |     3 |     4 |    11 |       ||    24
       Invisible         |       |       |       |       |     1 |       |       |     2 |     2 ||     5
       Petrified         |       |       |       |       |     3 |       |       |       |       ||     3
       Petrifying        |       |       |       |       |     1 |       |       |       |       ||     1
       Confused          |       |       |       |       |       |       |     1 |       |       ||     1
Armor: Skin              |       |     8 |    26 |    41 |    63 |   107 |    71 |    52 |     4 ||   372
Dodge: Dodged            |     2 |    48 |   116 |   192 |   380 |   577 |   624 |   650 |    66 ||  2655
Block: Kite shield       |       |       |    42 |   228 |   586 |   797 |  1096 |  1116 |   100 ||  3965
       Reflection        |       |       |       |       |     9 |    54 |    50 |    34 |     6 ||   153

Table legend: (Time is in decaauts)
 A = Elapsed time spent in this place.
 B = Non-inter-level travel time spent in this place.
 C = Inter-level travel time spent in this place.
 D = Time resting spent in this place.
 E = Time spent auto-exploring this place.
 F = Levels seen in this place.
 G = Mean time per level.
                   A        B        C        D        E       F      G
               +--------+--------+--------+--------+--------+-----+--------+
         Total |  60615 |  55351 |   5264 |  11396 |  29143 |  60 | 1010.2 |
       Dungeon |  19669 |  17448 |   2221 |   3737 |   9928 |  15 | 1311.3 |
        Temple |    124 |     90 |     34 |      0 |     73 |   1 |  124.0 |
          Lair |   8385 |   7318 |   1067 |    814 |   4890 |   6 | 1397.5 |
         Swamp |   2893 |   2746 |    147 |    207 |   1784 |   4 |  723.2 |
   Spider Nest |   5242 |   4981 |    261 |   1399 |   2330 |   4 | 1310.5 |
    Slime Pits |    617 |    553 |     64 |     67 |      0 |   5 |  123.4 |
  Orcish Mines |   1984 |   1687 |    297 |    294 |    951 |   2 |  992.0 |
   Elven Halls |   7000 |   6434 |    566 |   2632 |   2412 |   3 | 2333.3 |
        Vaults |   6488 |   6280 |    208 |    841 |   3884 |   4 | 1622.0 |
        Depths |   4224 |   3829 |    395 |    123 |   2429 |   4 | 1056.0 |
           Zot |    704 |    704 |      0 |    159 |      0 |   5 |  140.8 |
        Bazaar |    190 |    190 |      0 |      0 |    137 |   2 |   95.0 |
      Ice Cave |   1156 |   1156 |      0 |    677 |     37 |   1 | 1156.0 |
        Wizlab |    598 |    598 |      0 |    127 |      0 |   1 |  598.0 |
    Desolation |    691 |    691 |      0 |    204 |      0 |   1 |  691.0 |
      Gauntlet |    636 |    636 |      0 |    112 |    288 |   1 |  636.0 |
         Arena |      9 |      9 |      0 |      0 |      0 |   1 |    9.0 |
               +--------+--------+--------+--------+--------+-----+--------+

Top non-repeatable levels by time:
   Elf:3: 3404 daAuts
    D:12: 2626 daAuts
     D:9: 2319 daAuts
Vaults:1: 2132 daAuts
  Lair:6: 2102 daAuts
   Elf:1: 2026 daAuts
Vaults:2: 1709 daAuts
Spider:3: 1669 daAuts
    D:11: 1621 daAuts
     D:6: 1588 daAuts
   Elf:2: 1569 daAuts
Spider:4: 1564 daAuts
   Orc:2: 1559 daAuts
  Lair:2: 1520 daAuts
  Lair:5: 1499 daAuts
